 Dungeon Crawl Stone Soup version 0.19-a0-1073-g541410e (webtiles) character file.

1297 Akrasiac the Chiller (level 8, -3/52 HPs)
             Began as a Mummy Ice Elementalist on Aug 6, 2016.
             Was a Believer of Okawaru.
             Slain by a killer bee (4 damage)
             ... on level 6 of the Dungeon.
             The game lasted 00:14:23 (7303 turns).

Akrasiac the Chiller (Mummy Ice Elementalist)       Turns: 7303, Time: 00:14:23

Health: -3/52      AC: 13    Str: 12    XL:     8   Next: 31%
Magic:  10/11      EV: 12    Int: 15    God:    Okawaru [**....]
Gold:   233        SH:  0    Dex: 13    Spells: 3 memorised, 5 levels left

rFire  x . .     SeeInvis +     a - +5 flail (protect)
rCold  + + .     Gourm    .     k - +0 robe
rNeg   + + +     Faith    .     (no shield)
rPois  ∞         Spirit   .     (no helmet)
rElec  .         Dismiss  .     g - +0 cloak
rCorr  .         Reflect  .     (no gloves)
SustAt .         Harm     .     (no boots)
MR     +....                    (no amulet)
Stlth  ++........               o - ring of protection from cold
                                j - ring of see invisible

@: icy armour, slow
A: no food or potions, fire vulnerability, cold resistance 1, negative energy
resistance 3, torment resistance, unbreathing
a: Heroism, Renounce Religion


You were on level 6 of the Dungeon.
You worshipped Okawaru.
Okawaru was pleased with you.
You were not hungry.

You visited 1 branch of the dungeon, and saw 6 of its levels.
You also visited: Sewer.

You collected 233 gold pieces.

Inventory:

Hand Weapons
 a - a +5 flail of protection (weapon)
 c - a +0 dagger
 f - a +2 short sword of protection
 r - a +2 falchion of slicing
 v - a +4 quarterstaff of chaos
Armour
 e - a cursed +0 ring mail
 g - a +0 cloak (worn)
 k - a +0 robe (worn)
 n - a +0 buckler
 q - a +2 leather armour of cold resistance
Jewellery
 h - an uncursed ring of flight
 j - a ring of see invisible (left hand)
 o - a ring of protection from cold (right hand)
Scrolls
 d - a scroll of remove curse {unknown}
 i - 3 scrolls of recharging
 l - 3 scrolls of enchant armour
 m - a scroll of enchant weapon
 p - a scroll of amnesia
 s - a scroll of teleportation
 u - a scroll of immolation
Books
 b - a book of Frost

   Spells                             Type                      Level
   a - Freeze                         Ice                          1
   b - Throw Frost                    Conjuration/Ice              2
   c - Ozocubu's Armour               Charms/Ice                   3
   d - Throw Icicle                   Conjuration/Ice              4
   e - Summon Ice Beast               Ice/Summoning                4
 t - a book of Callings

   Spells                             Type                      Level
   a - Summon Small Mammal            Summoning                    1
   b - Call Imp                       Summoning                    2
   c - Call Canine Familiar           Summoning                    3
   d - Summon Guardian Golem          Hexes/Summoning              3
   e - Summon Lightning Spire         Summoning/Air                4
   f - Summon Ice Beast               Ice/Summoning                4
 w - a book of Death

   Spells                             Type                      Level
   a - Corpse Rot                     Necromancy                   2
   b - Sublimation of Blood           Necromancy                   2
   c - Agony                          Necromancy                   5
   d - Dispel Undead                  Necromancy                   5
   e - Excruciating Wounds            Charms/Necromancy            5
   f - Bolt of Draining               Conjuration/Necromancy       5


   Skills:
 * Level 4.9 Maces & Flails
 - Level 1.5 Dodging
 - Level 1.5 Stealth
 - Level 2.0 Spellcasting
   Level 0.7 Conjurations
 - Level 0.1 Charms
 - Level 7.1 Ice Magic
 - Level 0.1 Evocations


You had 5 spell levels left.
You knew the following spells:

 Your Spells              Type           Power        Failure   Level  Hunger
a - Freeze                Ice            ###.         1%          1    N/A
b - Ozocubu's Armour      Chrm/Ice       ##......     17%         3    N/A
c - Corpse Rot            Necr           N/A          34%         2    N/A

Dungeon Overview and Level Annotations

Branches:
Dungeon (6/15)             Temple (0/1) D:5

Altars:
Elyvilon
Kikubaaqudgha
Okawaru
Pakellas
Ru
Sif Muna
Xom
Yredelemnul

Annotations:
D:5 exclusion: downstairs
D:6 DarthKuruptios's ghost, novice MiBe


Innate Abilities, Weirdness & Mutations

You do not eat or drink.
Your flesh is vulnerable to fire.
You are immune to poison.
Your flesh is cold resistant. (rC+)
You are immune to negative energy. (rN+++)
You are immune to unholy pain and torment.
You can survive without breathing.


Message History

The killer bee stings you.
* * * LOW HITPOINT WARNING * * *
DarthKuruptios's ghost mumbles, "They all look like pillowcases to me..."
The killer bee stings you but does no damage.
The killer bee stings you.
* * * LOW HITPOINT WARNING * * *
The killer bee stings you.
* * * LOW HITPOINT WARNING * * *
The killer bee stings you but does no damage.
The killer bee stings you.
* * * LOW HITPOINT WARNING * * *
There is a stone staircase leading up here.
That item cannot be evoked!
Okay, then.
Casting: Ozocubu's Armour
Confirm with . or Enter, or press ? or * to list all spells.
Okay, then.
The killer bee stings you but does no damage.
The killer bee closely misses you. The killer bee stings you.
You die...

########
################......#
#................#######
#................# #
#................#
#...>............#
#.......yyW......#
#.......@y..Y....#
###############..#
#..##.....# #..#8.....8
#Y.##.....# #..# 8...8#
#..# ##_## #..#######
#.......#


You could see an ice beast, 3 killer bees and DarthKuruptios's ghost.

Vanquished Creatures
  A wyvern (D:5)
  A necrophage (D:5)
  A centaur (D:5)
  A water moccasin zombie (D:5)
  A scorpion (D:5)
  2 killer bees (D:6)
  A howler monkey (D:4)
  A wasp zombie (D:6)
  A centaur zombie (D:5)
  2 crimson imps
  An orc priest (D:3)
  Crazy Yiuf (D:2)
  2 jellies
  3 orc wizards
  A centaur skeleton (D:4)
  A giant frog skeleton (D:5)
  Natasha (twice) (D:2)
  Terence (D:3)
  3 iguanas
  3 worker ants (D:5)
  A hound skeleton (D:4)
  A worker ant zombie (D:5)
  4 adders
  An ooze (D:5)
  7 worms
  4 dart slugs
  6 giant geckos
  9 orcs
  A ball python (D:3)
  8 giant cockroaches
  7 goblins
  2 hobgoblins
  14 kobolds
  2 quokkas
  4 bats
  A giant cockroach zombie (D:5)
  A giant gecko skeleton (D:5)
  11 giant newts
  A jackal skeleton (D:4)
  A quokka skeleton (D:5)
  7 rats
123 creatures vanquished.

Vanquished Creatures (collateral kills)
  An ooze (D:5)
1 creature vanquished.

Vanquished Creatures (others)
  5 sheep (D:6)
5 creatures vanquished.

Grand Total: 129 creatures vanquished

Notes
Turn   | Place    | Note
-------+----------+-------------------------------------------
     0 | D:1      | Akrasiac the Mummy Ice Elementalist began the quest for the Orb.
     0 | D:1      | Reached XP level 1. HP: 13/13 MP: 3/3
   531 | D:1      | Reached XP level 2. HP: 9/19 MP: 3/5
   540 | D:1      | Reached skill level 3 in Ice Magic
  1406 | D:2      | Found a runed door.
  1534 | D:2      | Reached XP level 3. HP: 24/24 MP: 3/6
  1563 | D:2      | Learned a level 3 spell: Ozocubu's Armour
  1563 | D:2      | Noticed Natasha
  1570 | D:2      | Killed Natasha
  1581 | D:2      | Noticed Natasha
  1611 | D:2      | Killed Natasha
  1611 | D:2      | Reached skill level 4 in Ice Magic
  1611 | D:2      | Reached XP level 4. HP: 10/30 MP: 3/7
  2553 | D:3      | Noticed Terence
  2561 | D:3      | Killed Terence
  2821 | D:3      | Found an iron altar of Okawaru.
  2831 | D:3      | Reached XP level 5. HP: 28/35 MP: 1/8
  2858 | D:3      | Became a worshipper of Warmaster Okawaru
  2870 | D:3      | Found an oddly glowing altar of Pakellas.
  3276 | D:3      | Reached skill level 5 in Ice Magic
  3582 | D:3      | Found a white marble altar of Elyvilon.
  3801 | D:3      | Found an ancient bone altar of Kikubaaqudgha.
  4090 | D:4      | Reached XP level 6. HP: 41/41 MP: 3/9
  4164 | D:4      | Found a basalt altar of Yredelemnul.
  4327 | D:3      | Reached skill level 6 in Ice Magic
  4434 | D:4      | Reached * piety under Okawaru
  4824 | D:2      | Noticed Crazy Yiuf
  4831 | D:2      | Killed Crazy Yiuf
  4916 | D:5      | Entered Level 5 of the Dungeon
  5028 | D:5      | Reached XP level 7. HP: 34/46 MP: 4/10
  5122 | D:5      | Reached skill level 1 in Maces & Flails
  5208 | D:5      | Reached skill level 7 in Ice Magic
  5241 | D:5      | Found a staircase to the Ecumenical Temple.
  5275 | D:5      | Found a glowing drain.
  5340 | Sewer    | Entered a sewer
  5745 | D:5      | Learned a level 2 spell: Corpse Rot
  5835 | D:5      | Found a sacrificial altar of Ru.
  6143 | D:5      | Noticed a wyvern
  6153 | D:5      | Killed a wyvern
  6153 | D:5      | Reached ** piety under Okawaru
  6403 | D:5      | Reached XP level 8. HP: 49/52 MP: 11/11
  6687 | D:6      | Noticed DarthKuruptios's ghost (novice MiBe)
  6927 | D:6      | Found a deep blue altar of Sif Muna.
  7152 | D:6      | Found a shimmering altar of Xom.
  7302 | D:6      | HP: 2/52 [killer bee (6)]
  7303 | D:6      | Slain by a killer bee

Vault maps used:
D:1:      dpeg_arrival_round_b
D:2:      uniq_crazy_yiuf_cottage, uniq_natasha
D:3:      old_standard_altar, old_standard_altar, lemuel_coloured_pillars_altar,
          nicolae_overflow_crystal_walls, uniq_terence
D:4:      yredelemnul_altar_generic, first_bread, st_stairs_14
D:5:      hangedman_ru_absence, portal_sewer_entry_d
D:6:      nicolae_overflow_hidden_temple, kb_xom_exploding_sheep
Sewer:    sewer_frog_island_01

Skill      XL: |  1  2  3  4  5  6  7  8 |
---------------+-------------------------+-----
Ice Magic      | 3 4 5 6 7 |  7.1
Maces & Flails | 3 4 |  4.9
Dodging        | |  1.5
Stealth        | |  1.5
Spellcasting   | |  2.0
Conjurations   | |  0.7
Charms         | |  0.1
Evocations     | |  0.1

Action                   |  1- 3 |  4- 6 |  7- 9 || total
-------------------------+-------+-------+-------++-------
Melee: Dagger            |     4 |       |       ||     4
       Short sword       |     6 |     6 |       ||    12
       Flail             |       |    37 |    85 ||   122
 Cast: Freeze            |    35 |   117 |    61 ||   213
       Ozocubu's Armour  |       |     3 |     6 ||     9
Evoke: Box of beasts     |       |       |     1 ||     1
  Use: Scroll            |       |       |     6 ||     6
 Stab: Sleeping          |       |     1 |       ||     1
Armor: Robe              |    11 |    45 |    82 ||   138
Dodge: Dodged            |    17 |    89 |   125 ||   231
